 Dungeon Crawl Stone Soup version 0.29-a0-234-g0dae59b3db (webtiles) character file.

Game seed: 3856570151095872560

752 bande the Chopper (level 7, -2/44 HPs)
             Began as a Gargoyle Fighter on Mar 3, 2022.
             Slain by an ogre
             ... wielding a +0 giant club
              (12 damage)
             ... on level 4 of the Dungeon.
             The game lasted 00:06:48 (4132 turns).

bande the Chopper (Gargoyle Fighter)                Turns: 4132, Time: 00:06:48

Health: -2/44      AC: 18    Str: 25    XL:     7   Next: 78%
Magic:  7/7        EV:  8    Int:  8    God:
Gold:   225        SH:  4    Dex: 11    Spells: 6/6 levels left

rFire   . . .      SeeInvis .   q - +6 war axe "Wyalotur" {freeze, rC+ Str+3}
rCold   + . .      Faith    .   c - +0 buckler
rNeg    + . .      Spirit   .   j - +0 chain mail
rPois   ∞          Reflect  .   b - +1 hat
rElec   +          Harm     .   (no cloak)
rCorr   +          Rampage  .   (no gloves)
Will    .....                   r - +1 pair of boots
Stlth   ..........              (no amulet)
HPRegen 0.14/turn               g - ring of resist corrosion
MPRegen 0.10/turn               (no ring)

@: no status effects
A: sickness immunity, AC +4, negative energy resistance 1, electricity
resistance, torment resistance 1, petrification resistance, mutation resistance
1, strong 1
a: no special abilities


You were on level 4 of the Dungeon.
You visited 1 branch of the dungeon, and saw 4 of its levels.
You also visited: Ossuary.

You collected 225 gold pieces.

Inventory:

Hand Weapons
 a - a +1 war axe
 q - the +6 war axe "Wyalotur" (weapon) {freeze, rC+ Str+3}
   (You found it on level 3 of the Dungeon)

   It freezes those it strikes, dealing additional cold damage.
   It can also slow down cold-blooded creatures.
   Str:       It affects your strength (+3).
   rC:        It protects you from cold.
Armour
 b - a +1 hat (worn)
 c - a +0 buckler (worn)
 j - a +0 chain mail (worn)
 r - a +1 pair of boots (worn)
Jewellery
 g - a ring of resist corrosion (left hand)
 n - a ring of wizardry
 s - an amulet of the acrobat
 x - a ring of fire
Scrolls
 p - a scroll of enchant weapon
 t - 3 scrolls of identify
Potions
 d - a potion of might
 e - a potion of haste
 f - 2 potions of lignification {unknown}
 h - 2 potions of mutation
 i - 4 potions of degeneration {unknown}
 k - 5 potions of curing {unknown}
 l - 2 potions of cancellation {unknown}
 m - 4 potions of heal wounds {unknown}
 o - a potion of magic {unknown}
 u - a potion of invisibility {unknown}
 v - a potion of ambrosia {unknown}
 w - a potion of attraction {unknown}


   Skills:
 + Level 5.0 Fighting
 + Level 5.7 Axes
 + Level 5.4 Armour
 + Level 4.1 Shields


You had 6 spell levels left.
You didn't know any spells.
Your spell library contained the following spells:

 Spells                   Type           Power      Damage    Failure   Level
 Beastly Appendage        Tmut           0%         N/A       98%         1
 Freeze                   Ice            0%         1d3       98%         1
 Wereblood                Tmut           0%         N/A       99%         2
 Frozen Ramparts          Ice            0%         1d2       100%        3
 Ignite Poison            Fire/Tmut/Pois 0%         N/A       100%        3
 Mephitic Cloud           Conj/Pois/Air  0%         N/A       100%        3
 Spider Form              Tmut/Pois      0%         N/A       100%        3
 Airstrike                Air            0%         N/A       100%        4
 Hailstorm                Conj/Ice       0%         3d3       100%        4
 Summon Lightning Spire   Summ/Air       0%         N/A       100%        4
 Freezing Cloud           Conj/Ice/Air   0%         6-21      100%        5
 Lightning Bolt           Conj/Air       0%         1d11      100%        5


Dungeon Overview and Level Annotations

Branches:
Dungeon (4/15)            Ossuary (visited)
 Temple: D:4-7

Altars:
Cheibriados
Sif Muna

Shops:
D:2 ?


Innate Abilities, Weirdness & Mutations

You are immune to sickness and miasma.
Your stone body is resilient. (AC +4)
You are immune to poison.
You resist negative energy. (rN+)
You are resistant to electric shocks. (rElec)
You are resistant to unholy torment.
You are immune to petrification.
You are somewhat resistant to further mutation.
Your muscles are strong. (Str +2)


Message History

a +0 mace; a +0 leather armour; an orc corpse Unknown command.
You hit the orc. You freeze the orc.
The orc is almost dead.
You hit the orc priest but do no damage.
You block the orc's attack.
The orc priest mumbles some strange prayers to Beogh against you.
Pain shoots through your body!
* * * LOW HITPOINT WARNING * * *
The orc hits you but does no damage.
You hit the orc. You freeze the orc.
You kill the orc!
You hit the orc priest but do no damage.
The orc priest barely misses you.
The orc priest hits you but does no damage.
Unknown command.
You hit the orc priest but do no damage.
The orc priest barely misses you.
You barely miss the orc priest.
An ogre comes into view. It is wielding a +0 giant club.
The ogre shouts!
You slash the orc! You freeze the orc.
You kill the orc!
You closely miss the orc priest.
The orc priest calls down the wrath of Beogh upon you.
Pain shoots through your body!
* * * LOW HITPOINT WARNING * * *
You hit the orc priest but do no damage.
The orc priest hits you but does no damage.
The orc priest casts a cantrip, but nothing happens.
You closely miss the orc priest.
The orc priest mumbles some strange prayers to Beogh against you.
You struggle to resist.
The ogre hits you but does no damage.
You barely miss the orc priest. You hit the ogre. You freeze the ogre.
The orc priest hits you but does no damage.
The ogre barely misses you.
It was a potion of mutation.
You feel extremely strange.
You feel stronger.
You feel genetically stable. You block the orc priest's attack.
The ogre hits you with a +0 giant club!
You die...

*,* *,,,,.......[.... *,*
*******..,*#######.#### *,*
*,,,,,...** #.# *,***,****#.#*
#.# *,,,,,,,,*#.# #.#
*,,**,*#,*#.# #.####
*******,,**,*#.*#.# #.#...
,,,,,,,,,...##.##)# ##.#...
*******,,......O@o#########.....#
**,#####.#............###.#
*,,,,..,#.#.########.# #.#
*****##**#.#.# #...# #..
*,,,,,,,,.$..# #.#.# ###
*,******##.### #.#.#####
*,,,,,,,,..# ###.#......
*,,*****#### #.?......#. *,,*
#.#.####.#.


You could see an ogre and an orc priest.

Vanquished Creatures
  An ogre (D:4)
  2 water moccasin zombies (Ossuary)
  3 wights
  2 orc priests (D:4)
  4 orc wizards (D:3)
  Natasha (thrice) (D:3)
  2 mummies (Ossuary)
  3 adders (D:2)
  9 adder zombies (Ossuary)
  A worm (D:2)
  A dart slug (D:2)
  16 orcs
  9 bats
  6 endoplasms
  A giant cockroach (D:1)
  2 gnoll zombies (Ossuary)
  5 goblins
  8 hobgoblins
  2 jackals (D:2)
  3 kobolds
  4 quokkas
  3 ball pythons
  4 frilled lizards (D:2)
  8 hobgoblin zombies (Ossuary)
  5 kobold zombies (Ossuary)
  4 orc zombies (Ossuary)
  5 rats
116 creatures vanquished.

Notes
Turn   | Place    | Note
-------+----------+-------------------------------------------
     0 | D:1      | bande the Gargoyle Fighter began the quest for the Orb.
     0 | D:1      | Reached XP level 1. HP: 14/14 MP: 1/1
   111 | D:1      | Reached XP level 2. HP: 19/19 MP: 2/2
   708 | D:2      | Reached XP level 3. HP: 24/24 MP: 3/3
  1041 | D:2      | Reached XP level 4. HP: 24/29 MP: 4/4
  1104 | D:2      | Found Yhahiu's Magic Scroll Shop.
  1498 | D:3      | Noticed Natasha
  1498 | D:3      | Found a snail-covered altar of Cheibriados.
  2142 | D:3      | Identified the +6 war axe "Wyalotur" {freeze, rC+ Str+3}
  2207 | D:3      | Reached XP level 5. HP: 33/33 MP: 5/5
  2251 | D:3      | Killed Natasha
  2352 | D:3      | Found a shimmering blue altar of Sif Muna.
  2684 | D:3      | Noticed Natasha
  2690 | D:3      | Killed Natasha
  2691 | D:3      | Reached XP level 6. HP: 37/38 MP: 6/6
  2952 | D:4      | Found a sand-covered staircase.
  2965 | Ossuary  | Entered an ossuary
  3070 | Ossuary  | Reached skill level 5 in Armour
  3081 | Ossuary  | Reached XP level 7. HP: 39/44 MP: 7/7
  3140 | Ossuary  | Reached skill level 5 in Axes
  3713 | D:3      | Noticed Natasha
  3723 | D:3      | Killed Natasha
  4120 | D:4      | Reached skill level 5 in Fighting
  4132 | D:4      | Gained mutation: Your muscles are strong. (Str +2) [potion
                  | of mutation]
  4132 | D:4      | Gained mutation: You are somewhat resistant to further
                  | mutation. [potion of mutation]
  4132 | D:4      | Slain by an ogre

Illustrated notes

Levels and vault maps discovered:
D:1:      psy_arrival_whirlpool, layout_loops_cross
D:2:      layout_basic, serial_shops, shop
D:3:      layout_rooms, kennysheep_orc_sif_temple, lemuel_crystal_altar,
          uniq_natasha
D:4:      layout_loops_ring, marbit_many_paths,
          lightli_ossuary_entry_decrepit_ruins, hangedman_abyss_or_decor_slice

Skill      XL: |  1  2  3  4  5  6  7 |
---------------+----------------------+-----
Axes           | 2 3 4 5 |  5.7
Armour         | 4 5 |  5.4
Fighting       | 4 5 |  5.0
Shields        | 4 |  4.1

Action                   |  1- 3 |  4- 6 |  7- 9 || total
-------------------------+-------+-------+-------++-------
Melee: War axe           |    69 |   146 |    55 ||   270
  Use: Scroll            |     5 |     4 |     1 ||    10
       Potion            |       |       |     1 ||     1
Armor: Scale mail        |    25 |       |       ||    25
       Chain mail        |    29 |    88 |    38 ||   155
Dodge: Dodged            |    44 |    32 |    17 ||    93
Block: Buckler           |    17 |    24 |    19 ||    60

Table legend: (Time is in decaauts)
 A = Elapsed time spent in this place.
 B = Non-inter-level travel time spent in this place.
 C = Inter-level travel time spent in this place.
 D = Time resting spent in this place.
 E = Time spent auto-exploring this place.
 F = Levels seen in this place.
 G = Mean time per level.
                   A        B        C        D        E       F      G
               +--------+--------+--------+--------+--------+-----+--------+
         Total |   4241 |   4173 |     68 |   1302 |   2016 |   5 |  848.2 |
       Dungeon |   4005 |   3937 |     68 |   1302 |   1887 |   4 | 1001.2 |
       Ossuary |    236 |    236 |      0 |      0 |    129 |   1 |  236.0 |
               +--------+--------+--------+--------+--------+-----+--------+

Top non-repeatable levels by time:
     D:3: 2040 daAuts
     D:2: 828 daAuts
     D:1: 678 daAuts
     D:4: 458 daAuts
 Ossuary: 236 daAuts
